 Dungeon Crawl Stone Soup version 0.28.0 (webtiles) character file.

Game seed: 11747276915175304600

8124 browni3141 the Cleaver (level 11, -11/97 (101) HPs)
             Began as a Minotaur Berserker on Feb 17, 2022.
             Was a High Priest of Trog.
             Mangled by a gnoll (18 damage)
             ... on level 9 of the Dungeon.
             The game lasted 00:05:49 (9327 turns).

browni3141 the Cleaver (Minotaur Berserker)         Turns: 9327, Time: 00:05:49

HP:   -11/97 (101)  AC: 17    Str: 26    XL:     11   Next: 5%
MP:   10/10         EV:  9    Int:  4    God:    Trog [*****.]
Gold: 542           SH:  0    Dex: 10    Spells: 10/10 levels left

rFire   . . .      SeeInvis .   N - +0 broad axe
rCold   + . .      Faith    .   (no shield)
rNeg    . . .      Spirit   .   x - +3 chain mail {rC+}
rPois   +          Reflect  .   (helmet restricted)
rElec   .          Harm     .   (no cloak)
rCorr   .          Rampage  .   i - +1 pair of gloves
Will    ++...                   (no boots)
Stlth   ..........              (no amulet)
HPRegen 1.26/turn               P - ring of poison resistance {@f3}
MPRegen 0.12/turn               (no ring)

@: lethally poisoned (-11 -> -12), strong-willed, on berserk cooldown,
regenerating, slowed, lightly drained, very slow
A: horns 2, retaliatory headbutt
a: Renounce Religion, Berserk, Trog's Hand, Brothers in Arms


You were on level 9 of the Dungeon.
You worshipped Trog.
Trog was extremely pleased with you.
You visited 1 branch of the dungeon, and saw 9 of its levels.
You also visited: Bailey.

You collected 608 gold pieces.
You spent 66 gold pieces at shops.


Innate Abilities, Weirdness & Mutations

You have a pair of horns on your head.
You reflexively headbutt those who attack you in melee.


   Skills:
 + Level 10.5 Fighting
 * Level 14.2 Axes
 + Level 10.1 Armour
 - Level 2.1 Dodging
 * Level 4.0 Evocations


You had 10 spell levels left.
You didn't know any spells.
Your spell library was empty.

Inventory:

Hand Weapons
 a - a +0 hand axe
 s - a +0 war axe
 K - the +3 hand axe of Contradiction {venom, Drain rF+ Int+3}
   (You found it on level 7 of the Dungeon)

   It poisons the flesh of those it strikes.
   Int:       It affects your intelligence (+3).
   rF:        It protects you from fire.
   Drain:     It drains your maximum health when unequipped.
 N - a +0 broad axe (weapon)
Missiles
 J - a curare-tipped dart (quivered) {@f4}
Armour
 b - a +0 animal skin
 i - a +1 pair of gloves (worn)
 x - a +3 chain mail of cold resistance (worn)
Jewellery
 r - an amulet of magic regeneration
 P - a ring of poison resistance (left hand) {@f3}
Wands
 t - a wand of paralysis (21)
 w - a wand of digging (6)
 y - a wand of iceblast (14)
 C - a wand of flame (16)
Scrolls
 c - 3 scrolls of fog {unknown}
 f - 6 scrolls of teleportation {@r4}
 g - 2 scrolls of fear {unknown}
 k - 3 scrolls of identify {@r1}
 l - 2 scrolls of vulnerability {!r}
 p - 3 scrolls of torment {!r}
 q - 2 scrolls of blinking {unknown}
 u - a scroll of enchant armour {unknown}
 A - 4 scrolls of magic mapping {unknown}
 B - a scroll of noise {!r}
 F - 4 scrolls of enchant weapon {unknown}
 I - a scroll of acquirement {unknown}
Potions
 d - 7 potions of curing {unknown}
 e - a potion of mutation {unknown}
 h - 3 potions of magic {unknown}
 j - 4 potions of haste {unknown}
 m - 2 potions of might {unknown}
 n - a potion of lignification {unknown}
 o - 2 potions of berserk rage {unknown}
 v - 2 potions of degeneration {unknown}
 z - a potion of flight {unknown}
 D - 3 potions of heal wounds {unknown}
 E - 3 potions of attraction {unknown}
 G - a potion of cancellation {unknown}
 H - 2 potions of ambrosia {unknown}
 L - 2 potions of resistance {unknown}
 M - a potion of invisibility {unknown}

Dungeon Overview and Level Annotations

Branches:
Dungeon (9/15)             Temple (0/1) D:6            Lair (0/6) D:9
 Bailey (visited)
    Orc: D:9-12

Altars:
Elyvilon
Fedhas
Kikubaaqudgha
Makhleb
Nemelex Xobeh
Sif Muna
Trog
Uskayaw
Vehumet
Wu Jian
Xom
Yredelemnul
Zin

Shops:
D:4 ? D:7

= #...#.........#..#
#...#.........#..#
#........8.......###.
#.....8.....8........
#...................
#...........)...#
##...8....∩..).8.#
.............))).#
#####...........@#
.......8.....8.)gg....#
..........8...T.....g.#
...............#..###.#
...............#g.# #
...............#..#
...............#...
...............#...
############+


You could see a gnoll sergeant, 3 gnolls and a friendly troll (summoned,
berserk).


Message History

Unknown command.
Your skin crawls.
You feel strong-willed.
You feel sick.
The gnoll sergeant hits you but does no damage.
The gnoll hits you with a +0 flail of draining.
* * * LOW HITPOINT WARNING * * *
You feel drained.
* * * LOW HITPOINT WARNING * * *
A gnoll comes into view. It is wielding a +0 flail.
The gnoll sergeant hits you but does no damage.
Your troll goes berserk!
You feel sick. The gnoll completely misses you. The gnoll barely misses you.
The gnoll sergeant hits you with a +1 spear of venom!
* * * LOW HITPOINT WARNING * * *
A gnoll comes into view. It is wielding a +0 club.
The gnoll hits you but does no damage. Space warps around you.
* * * LOW HITPOINT WARNING * * *
The gnoll hits you but does no damage.
You feel drained.
You hit the gnoll sergeant but do no damage.
The gnoll sergeant is heavily wounded.
You completely miss the gnoll. You hit the gnoll.
You feel sick.
Your troll barely misses the gnoll.
Your troll claws the gnoll!
The gnoll dies!
Trog accepts your kill.
The gnoll sergeant hits you but does no damage.
The gnoll hits you with a +2 whip of distortion.
* * * LOW HITPOINT WARNING * * *
Space warps horribly around you!!
You die...

Skill      XL: |  1  2  3  4  5  6  7  8  9 10 11 |
---------------+----------------------------------+-----
Axes           | 4 5 6 7 8 10 12 14 | 14.2
Fighting       | 4 5 6 7 9 10 | 10.5
Armour         | 3 4 5 6 7 8 10 | 10.1
Evocations     | 3 4 |  4.0
Dodging        | |  2.1

Action                   |  1- 3 |  4- 6 |  7- 9 | 10-12 || total
-------------------------+-------+-------+-------+-------++-------
Melee: Hand axe          |    91 |    22 |       |    89 ||   202
       Headbutt          |    12 |    17 |    45 |    25 ||    99
       War axe           |       |    64 |   233 |    27 ||   324
       Punch             |       |     2 |       |     2 ||     4
       Broad axe         |       |       |       |    38 ||    38
Invok: Berserk           |       |     3 |     5 |     3 ||    11
       Trog's Hand       |       |       |     1 |     1 ||     2
       Brothers in Arms  |       |       |       |     1 ||     1
  Use: Scroll            |       |       |     2 |       ||     2
 Stab: Sleeping          |     2 |     3 |       |       ||     5
Armor: Animal skin       |    18 |    13 |       |       ||    31
       Chain mail        |       |    17 |   188 |   116 ||   321
Dodge: Dodged            |    59 |    41 |   130 |    84 ||   314

Levels and vault maps discovered:
D:1:      lightli_arrival_isolated_outpost, layout_loops_ring
D:2:      minmay_recursive_quarters, layout_rooms, minmay_pentomino_u4
D:3:      layout_loops_ring, nicolae_elyvilon_peaceful_grove,
          chequers_temple_overflow_minitemple, gammafunk_ghost_mausoleum,
          ebering_ecumenical_altar_petrified, uniq_jessica, uniq_natasha,
          uniq_ijyb
D:4:      layout_gridville, nicolae_wu_jian_wuxing_cycle,
          yredelemnul_forgotten_temple_becter, serial_shops,
          nicolae_shop_behind_doors, gammafunk_ghost_arena, minmay_bisected
D:5:      layout_loops_ring, grunt_temple_overflow_diamond,
          gammafunk_temple_overflow_pools
D:6:      layout_cave_pools, minmay_temple_entry_offerings
D:7:      cheibrodos_fzero, layout_loops_ring, serial_shops,
          nicolae_take_the_stairs, uniq_duvessa, uniq_prince_ribbit1
D:8:      layout_cave_pools
D:9:      layout_stronghold, nicolae_uskayaw_murder_on_the_dancefloor,
          david_lair_shrubbed, enter_bailey_6, grunt_tough_drop

Notes
Turn   | Place    | Note
-------+----------+-------------------------------------------
     0 | D:1      | browni3141 the Minotaur Berserker began the quest for the
                  | Orb.
     0 | D:1      | Reached XP level 1. HP: 19/19 MP: 0/0
   215 | D:1      | Reached skill level 4 in Axes
   254 | D:1      | Reached XP level 2. HP: 27/27 MP: 1/1
   529 | D:1      | Reached skill level 4 in Fighting
   667 | D:1      | Reached XP level 3. HP: 22/33 MP: 2/2
   868 | D:1      | Reached skill level 3 in Armour
  1119 | D:2      | Reached ** piety under Trog
  1430 | D:2      | Reached XP level 4. HP: 40/40 MP: 3/3
  1440 | D:2      | Reached skill level 5 in Axes
  1929 | D:3      | Found a transporter.
  1930 | D:3      | Noticed Heh's ghost (amateur OpFi)
  2012 | D:3      | Found a white marble altar of Elyvilon.
  2051 | D:3      | Noticed Ijyb
  2059 | D:3      | Killed Ijyb
  2060 | D:3      | Reached XP level 5. HP: 47/47 MP: 4/4
  2227 | D:3      | Noticed Natasha
  2233 | D:3      | Killed Natasha
  2329 | D:3      | Reached skill level 4 in Armour
  2364 | D:3      | Found a faded altar of an unknown god.
  2596 | D:3      | Reached skill level 5 in Fighting
  2596 | D:3      | Reached skill level 6 in Axes
  2723 | D:3      | Found a glowing silver altar of Zin.
  2723 | D:3      | Found a shimmering blue altar of Sif Muna.
  2731 | D:3      | Found a blossoming altar of Fedhas.
  2733 | D:3      | Found a faded altar of an unknown god.
  2735 | D:3      | Found a shimmering altar of Xom.
  2846 | D:3      | Noticed Jessica
  2850 | D:3      | Killed Jessica
  2851 | D:3      | Reached XP level 6. HP: 47/56 MP: 5/5
  3172 | D:3      | Noticed Natasha
  3185 | D:3      | Killed Natasha
  3212 | D:3      | Killed Heh's ghost
  3213 | D:3      | Reached skill level 7 in Axes
  3213 | D:3      | Reached skill level 5 in Armour
  3213 | D:3      | Reached XP level 7. HP: 62/62 MP: 6/6
  3432 | D:3      | Found a transporter.
  3516 | D:4      | Found an ornate altar of the Wu Jian Council.
  3553 | D:4      | Reached *** piety under Trog
  3649 | D:4      | Found a basalt altar of Yredelemnul.
  3711 | D:4      | Reached skill level 6 in Fighting
  3847 | D:4      | Reached skill level 8 in Axes
  3868 | D:4      | Found a transporter.
  3871 | D:4      | Noticed browni3141's ghost (amateur MiBe)
  3872 | D:4      | Found a transporter.
  3873 | D:4      | Noticed a steam dragon
  4065 | D:4      | Killed a steam dragon
  4066 | D:4      | Reached skill level 6 in Armour
  4066 | D:4      | Reached XP level 8. HP: 71/71 MP: 7/7
  4071 | D:4      | Killed browni3141's ghost
  4072 | D:4      | Reached skill level 7 in Fighting
  4072 | D:4      | Reached skill level 9 in Axes
  4247 | D:4      | Found Xixing's Magic Scroll Boutique.
  4250 | D:4      | Bought a scroll of noise for 11 gold pieces
  4250 | D:4      | Bought a scroll of teleportation for 33 gold pieces
  4250 | D:4      | Bought a scroll of identify for 22 gold pieces
  4306 | D:5      | Entered Level 5 of the Dungeon
  4522 | D:5      | Reached **** piety under Trog
  4523 | D:5      | Reached skill level 10 in Axes
  4642 | D:5      | Found a burning altar of Makhleb.
  4642 | D:5      | Found an ancient bone altar of Kikubaaqudgha.
  4825 | D:5      | Reached skill level 7 in Armour
  4906 | D:5      | Found a radiant altar of Vehumet.
  4909 | D:5      | Found a sparkling altar of Nemelex Xobeh.
  4913 | D:5      | Found a bloodstained altar of Trog.
  5354 | D:6      | Found a staircase to the Ecumenical Temple.
  5378 | D:6      | Reached XP level 9. HP: 76/81 MP: 8/8
  5431 | D:6      | Reached skill level 8 in Fighting
  5665 | D:6      | Reached skill level 11 in Axes
  6030 | D:7      | Noticed Duvessa
  6030 | D:7      | Noticed Dowan
  6037 | D:7      | Killed Duvessa
  6041 | D:7      | Reached skill level 8 in Armour
  6041 | D:7      | Killed Dowan
  6161 | D:7      | Noticed a troll
  6170 | D:7      | Killed a troll
  6171 | D:7      | Reached skill level 9 in Fighting
  6171 | D:7      | Reached skill level 12 in Axes
  6433 | D:7      | Reached XP level 10. HP: 91/91 MP: 9/9
  6654 | D:7      | Noticed Prince Ribbit
  6667 | D:7      | Killed Prince Ribbit
  6668 | D:7      | Reached skill level 9 in Armour
  7118 | D:7      | Identified the +3 hand axe of Contradiction {venom, Drain
                  | rF+ Int+3}
  7120 | D:7      | Found Emotif's Jewellery Shop.
  7536 | D:8      | Reached skill level 13 in Axes
  7684 | D:8      | Reached ***** piety under Trog
  8172 | D:9      | Reached skill level 1 in Evocations
  8328 | D:9      | Found a hide-covered altar of Uskayaw.
  8403 | D:9      | Found a staircase to the Lair.
  8429 | D:9      | Reached skill level 10 in Fighting
  8591 | D:9      | Found a flagged portal.
  8614 | Bailey   | Entered a bailey
  8634 | Bailey   | Reached skill level 2 in Evocations
  8781 | Bailey   | Noticed a vault guard
  8795 | Bailey   | Killed a vault guard
  8796 | Bailey   | Reached skill level 14 in Axes
  8796 | Bailey   | Reached skill level 10 in Armour
  8796 | Bailey   | Reached skill level 3 in Evocations
  8967 | Bailey   | Noticed a vault guard
  8979 | Bailey   | Killed a vault guard
  9210 | Bailey   | Reached XP level 11. HP: 100/101 MP: 10/10
  9317 | D:9      | Reached skill level 4 in Evocations
  9326 | D:9      | HP: 7/98 [gnoll (4)]
  9327 | D:9      | Mangled by a gnoll

Vanquished Creatures
  2 vault guards (Bailey)
  A komodo dragon (D:9)
  The ghost of browni3141 the Chopper, an amateur MiBe of Trog (D:4)
  2 trolls
  Prince Ribbit (D:7)
  A blink frog (Bailey)
  2 yaks (D:7)
  3 humans (Bailey)
  The ghost of Heh the Skirmisher, an amateur OpFi (D:3)
  A steam dragon (D:4)
  A water moccasin (D:7)
  Duvessa (D:7)
  3 orc warriors
  2 sky beasts
  2 necrophages
  3 ogres
  4 centaurs
  A phantom (D:4)
  3 kobold brigands
  15 bullfrogs
  A gnoll sergeant (D:7)
  7 scorpions
  Dowan (D:7)
  2 water moccasin zombies
  5 wights (D:7)
  4 centaur zombies
  2 jellies
  2 bullfrog zombies (D:5)
  4 hounds
  3 orc priests
  3 centaur skeletons
  2 bullfrog skeletons
  Jessica (D:3)
  Ijyb (D:3)
  Natasha (twice) (D:3)
  4 iguanas
  4 orc wizards
  2 hound skeletons (D:4)
  A gnoll (Bailey)
  7 adders
  2 white imps
  An ufetubus (D:6)
  An adder skeleton (D:4)
  5 worms
  3 dart slugs
  22 orcs
  7 bats
  11 endoplasms
  2 giant cockroaches
  10 goblins
  6 hobgoblins
  A jackal (D:4)
  19 kobolds
  3 quokkas
  14 ball pythons
  4 frilled lizards
  10 rats
  A spectral orc (D:4)
230 creatures vanquished.

Vanquished Creatures (collateral kills)
  A gnoll (D:9)
1 creature vanquished.

Vanquished Creatures (others)
  A butterfly (D:3)
  4 plants (D:9)
  3 withered plants (D:3)
8 creatures vanquished.

Grand Total: 239 creatures vanquished

Table legend: (Time is in decaauts)
 A = Elapsed time spent in this place.
 B = Non-inter-level travel time spent in this place.
 C = Inter-level travel time spent in this place.
 D = Time resting spent in this place.
 E = Time spent auto-exploring this place.
 F = Levels seen in this place.
 G = Mean time per level.
                   A        B        C        D        E       F      G
               +--------+--------+--------+--------+--------+-----+--------+
         Total |   9418 |   9085 |    333 |   1712 |   5835 |  10 |  941.8 |
       Dungeon |   8729 |   8396 |    333 |   1317 |   5632 |   9 |  969.9 |
        Bailey |    688 |    688 |      0 |    395 |    203 |   1 |  688.0 |
               +--------+--------+--------+--------+--------+-----+--------+

Top non-repeatable levels by time:
     D:3: 1600 daAuts
     D:7: 1324 daAuts
     D:1: 1112 daAuts
     D:5: 1048 daAuts
     D:6: 892 daAuts
     D:4: 847 daAuts
     D:2: 825 daAuts
  Bailey: 688 daAuts
     D:8: 540 daAuts
     D:9: 539 daAuts

Table legend:
 A = Non-vault XP
 B = Vault XP
 C = Vault XP percentage of total XP
 D = Non-vault monster count
 E = Vault monster count
 F = Vault count percentage of total count
                 A         B        C        D         E       F
            +---------+---------+-------+---------+---------+-------
      Total |    4808 |    6812 |  58.6 |     162 |      69 |  29.9
            +---------+---------+-------+---------+---------+-------
        D:1 |      47 |       0 |   0.0 |      29 |       0 |   0.0
        D:2 |      45 |      38 |  45.8 |      20 |      10 |  33.3
        D:3 |     202 |     450 |  69.0 |      17 |       7 |  29.2
        D:4 |     449 |     681 |  60.3 |      20 |      11 |  35.5
        D:5 |     819 |       0 |   0.0 |      19 |       0 |   0.0
        D:6 |     764 |      42 |   5.2 |      12 |       1 |   7.7
        D:7 |    1146 |    1653 |  59.1 |      17 |      18 |  51.4
        D:8 |     665 |       0 |   0.0 |      16 |       0 |   0.0
        D:9 |     671 |     367 |  35.4 |      12 |       1 |   7.7
     Bailey |       0 |    3581 | 100.0 |       0 |      21 | 100.0
            +---------+---------+-------+---------+---------+-------
